 Dungeon Crawl Stone Soup version 0.30-a0-738-g116ff8c4af (webtiles) character file.

Game seed: 12234065053468237384

3922 Newt the Basher (level 10, -1/74 HPs)
             Began as a Demonspawn Gladiator on Feb 3, 2023.
             Was a Priest of Makhleb.
             Shot with an arrow by a centaur (6 damage)
             ... while petrified by a basilisk
             ... on level 8 of the Dungeon on Feb 4, 2023.
             The game lasted 00:06:35 (5903 turns).

Newt the Basher (Demonspawn Gladiator)              Turns: 5903, Time: 00:06:36

Health: -1/74      AC: 12    Str: 19    XL:     10   Next: 1%
Magic:  17/17      EV:  2    Int: 10    God:    Makhleb [***...]
Gold:   535        SH:  0    Dex: 20    Spells: 9/9 levels left

rFire   . . .      SeeInvis .    t - +8 flail "Cemmiynt" {flame, +Blink rElec rC+}
rCold   + . .      Faith    .    M - +0 buckler
rNeg    + + +      Spirit   .    o - +3 leather armour {rPois}
rPois   ∞          Reflect  .    (helmet unavailable)
rElec   +          Harm     .    j - +2 cloak
rCorr   .          Rampage  .    (no gloves)
Will    .....                    (no boots)
Stlth   ++                       (no amulet)
HPRegen 0.32/turn                f - +6 ring of dexterity
MPRegen 0.15/turn                x - ring of flight

@: petrified, flying
A: horns 3, icy blue scales 2, foul stench 2
a: Renounce Religion, Evoke Blink, Minor Destruction, Lesser Servant of Makhleb


You were on level 8 of the Dungeon.
You worshipped Makhleb.
Makhleb was most pleased with you.
You visited 1 branch of the dungeon, and saw 8 of its levels.

You collected 535 gold pieces.

Inventory:

Hand Weapons
 a - a +0 rapier
 t - the +8 flail "Cemmiynt" (weapon) {flame, +Blink rElec rC+}
   (You found it on level 3 of the Dungeon)

   rC:        It protects you from cold.
   rElec:     It insulates you from electricity.
   +Blink:    It lets you blink.
 u - a +5 whip
Missiles
 d - 5 throwing nets (quivered)
 e - a javelin
 l - 3 boomerangs
 s - 3 silver javelins
Armour
 b - a +0 leather armour
 c - a +0 helmet
 j - a +2 cloak (worn)
 o - a +3 leather armour of poison resistance (worn)
 D - +0 steam dragon scales
 F - the +1 ring mail of Failure {rF- rC- rN+ Str+6}
   (You found it on level 7 of the Dungeon)

   Str:       It affects your strength (+6).
   rF:        It makes you vulnerable to fire.
   rC:        It makes you vulnerable to cold.
   rN:        It protects you from negative energy.
 M - a +0 buckler (worn)
Jewellery
 f - a +6 ring of dexterity (left hand)
 x - a ring of flight (right hand)
Wands
 k - a wand of acid (7)
 w - a wand of polymorph (17)
 z - a wand of flame (32)
 B - a wand of iceblast (12)
Scrolls
 g - a scroll of torment
 h - 3 scrolls of teleportation
 q - 4 scrolls of noise
 y - 2 scrolls of enchant armour
 E - a scroll of amnesia
 G - 2 scrolls of fog
 N - a scroll of blinking {unknown}
Potions
 i - 3 potions of curing
 m - a potion of haste
 n - 2 potions of invisibility
 p - a potion of degeneration {unknown}
 r - a potion of cancellation {unknown}
 v - 2 potions of brilliance {unknown}
 A - 2 potions of attraction {unknown}
 C - a potion of resistance {unknown}
 H - 2 potions of might {unknown}
 I - 2 potions of mutation {unknown}
 K - a potion of heal wounds {unknown}
 L - a potion of magic {unknown}
Miscellaneous
 J - a phantom mirror


   Skills:
 + Level 5.5 Fighting
 - Level 2.6 Short Blades
 - Level 10.0 Maces & Flails
 - Level 1.7 Throwing
 - Level 2.6 Dodging
 - Level 1.5 Stealth
 - Level 10.0 Invocations


You had 9 spell levels left.
You didn't know any spells.
Your spell library contained the following spells:

 Spells                   Type           Power      Damage    Failure   Level
 Magic Dart               Conj           0%         1d3       54%         1
 Searing Ray              Conj           0%         2d4       67%         2
 Sublimation of Blood     Necr           0%         N/A       67%         2
 Dazzling Flash           Conj/Hex       0%         N/A       88%         3
 Portal Projectile        Hex/Tloc       0%         N/A       88%         3
 Tukima's Dance           Hex            0%         N/A       88%         3
 Fulminant Prism          Conj/Hex       0%         3d5       99%         4
 Iskenderun's Mystic Bla  Conj/Tloc      0%         2d3       99%         4
 Petrify                  Tmut/Erth      0%         N/A       99%         4
 Blade Hands              Tmut           0%         N/A       100%        5
 Fireball                 Conj/Fire      0%         3d3       100%        5
 Irradiate                Conj/Tmut      0%         3d11      100%        5
 Summon Forest            Summ/Tloc      0%         N/A       100%        5
 Eringya's Noxious Bog    Tmut/Pois      0%         N/A       100%        6
 Simulacrum               Ice/Necr       0%         N/A       100%        6
 Starburst                Conj/Fire      0%         6d3       100%        6
 Summon Hydra             Summ           0%         N/A       100%        7
 Fire Storm               Conj/Fire      0%         5d1       100%        9


Dungeon Overview and Level Annotations

Branches:
Dungeon (8/15)             Temple (0/1) D:4
   Lair: D:8-11

Altars:
Ashenzari
Cheibriados
Fedhas
Makhleb
Qazlal
Vehumet
Wu Jian

Shops:
D:5 *[


Innate Abilities, Weirdness & Mutations

You have a pair of large horns on your head.
You are mostly covered in icy blue scales. (AC +3)
You sometimes emit foul miasma when damaged in melee.


Message History

The orc wizard hits you but does no damage.
Unknown command.
Unknown command.
Unknown command.
Unknown command.
You barely miss the wyvern.
The wyvern bites you but does no damage.
The centaur shoots an arrow.
The arrow hits you! The wyvern bites you.
The centaur shoots an arrow.
The arrow hits you but does no damage.
The orc wizard hits you but does no damage.
The basilisk gazes at you.
Your limbs have turned to stone.
The wyvern bites you!
The centaur shoots an arrow.
The arrow hits you!
You have turned to stone.
The orc hits you but does no damage. The basilisk gazes at you.
You resist with some effort.
The orc wizard hits you but does no damage.
The centaur shoots an arrow.
The arrow hits you! The wyvern barely misses you.
The wyvern bites you but does no damage.
The centaur shoots an arrow.
The arrow hits you but does no damage.
The orc wizard hits you but does no damage.
The orc hits you but does no damage. The wyvern bites you!
* * * LOW HITPOINT WARNING * * *
The centaur shoots an arrow.
The arrow hits you!
* * * LOW HITPOINT WARNING * * *
The orc wizard gestures at you while chanting.
The puff of flame hits you.
* * * LOW HITPOINT WARNING * * *
The orc hits you but does no damage.
The centaur shoots an arrow.
The arrow hits you.
* * * LOW HITPOINT WARNING * * *
The wyvern bites you but does no damage.
The wyvern bites you.
The centaur shoots an arrow.
The arrow hits you.
* * * LOW HITPOINT WARNING * * *
The orc hits you but does no damage. The basilisk bites you!
* * * LOW HITPOINT WARNING * * *
The orc wizard completely misses you.
The wyvern bites you but does no damage.
The centaur shoots an arrow.
The arrow hits you!
You die...

#......)...#......... .
#.................... ..
#....................
...##.##.................
.........................
....#.#).................
.>...................##..
#....c#loo......####.##†.
#.##....@................
........#l#####+######...
.########... #... ......
##.. ##...... #.. ......
#.. ...... ### ....♣.


You could see a basilisk, a wyvern, a centaur, an orc wizard and an orc.

Vanquished Creatures
  A cyclops (D:7)
  Maggie (D:6)
  A basilisk (D:8)
  4 water moccasins
  4 orc warriors
  2 ice beasts
  2 black bears (D:5)
  A sky beast (D:7)
  A centaur (D:6)
  A phantom (D:5)
  A kobold brigand (D:7)
  Blork the orc (D:5)
  2 gnoll sergeants
  3 scorpions
  3 bullfrogs
  A necrophage (D:7)
  2 howler monkeys
  5 hounds
  A gnoll bouda (D:7)
  4 jellies
  2 orc priests
  6 iguanas
  5 orc wizards
  7 adders
  19 gnolls
  A shadow imp (D:7)
  A white imp (D:5)
  3 ufetubi
  3 dart slugs
  22 orcs
  3 ball pythons
  4 bats
  2 endoplasms (D:3)
  A giant cockroach (D:3)
  5 goblins
  4 hobgoblins
  3 quokkas
  3 frilled lizards
  7 kobolds
  3 rats
145 creatures vanquished.

Vanquished Creatures (others)
  2 fungi (D:8)
  19 plants (D:8)
21 creatures vanquished.

Grand Total: 166 creatures vanquished

Notes
Turn   | Place    | Note
-------+----------+-------------------------------------------
     0 | D:1      | Newt the Demonspawn Gladiator began the quest for the Orb.
     0 | D:1      | Reached XP level 1. HP: 16/16 MP: 1/1
   114 | D:1      | Reached skill level 1 in Stealth
   148 | D:1      | Gained mutation: You have a pair of small horns on your
                  | head. [demonic ancestry]
   148 | D:1      | Reached XP level 2. HP: 15/22 MP: 2/2
  1081 | D:2      | Found a blossoming altar of Fedhas.
  1089 | D:2      | Got the Catalogue of the Moth
  1098 | D:2      | You fall into a shaft and drop 1 floor!
  1098 | D:3      | Found a burning altar of Makhleb.
  1106 | D:3      | Became a worshipper of Makhleb the Destroyer
  1109 | D:3      | Gained mutation: You are partially covered in icy blue
                  | scales. (AC +2) [demonic ancestry]
  1109 | D:3      | Reached XP level 3. HP: 29/29 MP: 3/3
  1306 | D:3      | Identified the +5 dagger of Proximity {speed, rElec rF+
                  | Dex-4}
  1325 | D:3      | Identified the +8 flail "Cemmiynt" {flame, +Blink rElec
                  | rC+}
  1686 | D:3      | Found a snail-covered altar of Cheibriados.
  1691 | D:3      | Found a broken altar of Ashenzari.
  1966 | D:4      | Reached * piety under Makhleb
  1979 | D:4      | Reached XP level 4. HP: 32/37 MP: 4/4
  1983 | D:4      | Reached skill level 1 in Maces & Flails
  1993 | D:4      | Gained mutation: You have a pair of horns on your head.
                  | [demonic ancestry]
  1993 | D:4      | Reached XP level 5. HP: 31/42 MP: 5/5
  2117 | D:4      | Found a radiant altar of Vehumet.
  2341 | D:4      | Found a staircase to the Ecumenical Temple.
  2367 | D:5      | Entered Level 5 of the Dungeon
  2539 | D:5      | Reached XP level 6. HP: 47/48 MP: 6/6
  2547 | D:5      | Noticed Blork the orc
  2551 | D:5      | Killed Blork the orc
  2594 | D:5      | Noticed an ice beast
  2602 | D:5      | Killed an ice beast
  2603 | D:5      | Reached skill level 5 in Maces & Flails
  2622 | D:5      | Found Zin's Purification Station.
  2634 | D:5      | Gained mutation: You may rarely emit foul miasma when
                  | damaged in melee. [demonic ancestry]
  2634 | D:5      | Reached XP level 7. HP: 54/54 MP: 7/7
  2726 | D:5      | Found Xitzoces's Antique Armour Emporium.
  2737 | D:5      | Found a stormy altar of Qazlal.
  3274 | D:5      | Found an ornate altar of the Wu Jian Council.
  3295 | D:6      | Reached ** piety under Makhleb
  3309 | D:6      | Gained mutation: You sometimes emit foul miasma when
                  | damaged in melee. [demonic ancestry]
  3309 | D:6      | Reached XP level 8. HP: 16/60 MP: 8/8
  3353 | D:6      | Noticed Maggie
  3943 | D:6      | Killed Maggie
  4337 | D:7      | Reached skill level 10 in Maces & Flails
  4384 | D:7      | Gained mutation: You are mostly covered in icy blue scales.
                  | (AC +3) [demonic ancestry]
  4384 | D:7      | Reached XP level 9. HP: 53/65 MP: 8/10
  4390 | D:7      | Identified the +1 ring mail of Failure {rF- rC- rN+ Str+6}
  4504 | D:7      | Noticed a cyclops
  4509 | D:7      | Killed a cyclops
  4510 | D:7      | Reached skill level 5 in Invocations
  4662 | D:7      | Reached *** piety under Makhleb
  5564 | D:8      | Reached skill level 10 in Invocations
  5665 | D:8      | Reached skill level 5 in Fighting
  5890 | D:8      | Gained mutation: You have a pair of large horns on your
                  | head. [demonic ancestry]
  5890 | D:8      | Reached XP level 10. HP: 51/74 MP: 17/17
  5903 | D:8      | Shot with an arrow by a centaur

Illustrated notes

Levels and vault maps discovered:
D:1:      wander_arrival_fairy_ring, layout_basic
D:2:      layout_basic, basic_altar, serial_glass, glass_columns_a,
          glass_columns_a, uniq_jessica, uniq_robin
D:3:      layout_loops_ring, amethyst_overflow_temple_binary,
          lightli_temple_of_fire, kennysheep_generic_room_2
D:4:      layout_cave_pools, mainiacjoe_overflow_small_starburst,
          minmay_temple_entry_fiery
D:5:      layout_loops_ring, nzn_wu_jian_council_hall,
          mainiacjoe_overflow_cross_hatched, zin_purify, serial_shops, shop,
          uniq_blork_the_orc
D:6:      layout_basic, minmay_misc_feat_encased, uniq_maggie
D:7:      minmay_the_grid_square_5x5_3x3 [minmay_the_grid_square_5x5_checkered,
          minmay_the_grid_square_5x5_minimal,
          minmay_the_grid_square_5x5_three_walls,
          minmay_the_grid_square_5x5_minivault,
          minmay_the_grid_square_5x5_megaprize_hollow,
          minmay_the_grid_square_5x5_fancy_junction,
          minmay_the_grid_square_5x5_one_wall,
          minmay_the_grid_square_5x5_pentomino_r,
          minmay_the_grid_square_5x5_bridge], layout_basic, tso_altar
D:8:      layout_basic, nzn_overflow_gifts_of_might_and_magic,
          minmay_lair_entry_grove, uniq_amaemon

Skill      XL: |  1  2  3  4  5  6  7  8  9 |
---------------+----------------------------+-----
Stealth        | 1 |  1.5
Fighting       | 3 4 5 |  5.5
Maces & Flails | 2 4 5 7 10 | 10.0
Invocations    | 2 10 | 10.0
Short Blades   | |  2.6
Throwing       | |  1.7
Dodging        | |  2.6

Action                     |  1- 3 |  4- 6 |  7- 9 | 10-12 || total
---------------------------+-------+-------+-------+-------++-------
  Melee: Rapier            |   118 |       |       |       ||   118
         Punch             |     1 |       |       |       ||     1
         Headbutt          |    15 |     9 |    39 |       ||    63
         Flail             |     5 |    49 |   222 |     4 ||   280
    Use: Scroll            |    10 |     3 |     1 |       ||    14
         Potion            |       |       |     2 |       ||     2
   Stab: Sleeping          |     5 |     1 |     4 |       ||    10
         Distracted        |     1 |     2 |       |       ||     3
 Armour: Leather armour    |    47 |    18 |   109 |    19 ||   193
  Dodge: Dodged            |    86 |    35 |   173 |     8 ||   302
  Block: Buckler           |       |       |    10 |       ||    10

Table legend: (Time is in decaauts)
 A = Elapsed time spent in this place.
 B = Non-inter-level travel time spent in this place.
 C = Inter-level travel time spent in this place.
 D = Time resting spent in this place.
 E = Time spent auto-exploring this place.
 F = Levels seen in this place.
 G = Mean time per level.
                   A        B        C        D        E       F      G
               +--------+--------+--------+--------+--------+-----+--------+
         Total |   5916 |   5599 |    317 |    433 |   4195 |   8 |  739.5 |
       Dungeon |   5916 |   5599 |    317 |    433 |   4195 |   8 |  739.5 |
               +--------+--------+--------+--------+--------+-----+--------+

Top non-repeatable levels by time:
     D:7: 1129 daAuts
     D:6: 978 daAuts
     D:1: 958 daAuts
     D:5: 932 daAuts
     D:3: 794 daAuts
     D:8: 490 daAuts
     D:4: 488 daAuts
     D:2: 143 daAuts
